 Dungeon Crawl Stone Soup version 0.25-a0-435-g4b9beb1024 (webtiles) character file.

Game seed: 5904859826495035134, levelgen mode: deterministic

7259 Gargoyl the Chopper (level 10, -1/83 HPs)
             Began as a Centaur Abyssal Knight on Jan 28, 2020.
             Was a High Priest of Lugonu.
             Slain by a seven-headed hydra (5 damage)
             ... on level 11 of the Dungeon.
             The game lasted 00:19:21 (12021 turns).

Gargoyl the Chopper (Centaur Abyssal Knight)       Turns: 12021, Time: 00:19:22

Health: -1/83      AC: 22    Str: 17    XL:     10   Next: 88%
Magic:  18/24      EV:  8    Int: 11    God:    Lugonu [*****.]
Gold:   960        SH: 12    Dex: 10    Spells: 9/9 levels left

rFire    . . .     SeeInvis +   t - +3 hand axe
rCold    . . .     Gourm    .   r - +3 shield {AC+3}
rNeg     . . .     Faith    .   B - +5 ring mail "Gicsegad" {SInv}
rPois    +         Spirit   .   l - +0 helmet
rElec    .         Reflect  .   x - +2 cloak
rCorr    .         Harm     .   d - +2 pair of gloves
MR       .....                  (no barding)
Stlth    ..........             s - amulet of regeneration
HPRegen  0.63/turn              k - ring of magical power
MPRegen  0.19/turn              o - ring of poison resistance

@: about to teleport, marked, very quick
A: large, hooves 3, deformed body, speed 2, tough skin 3
a: Depart the Abyss, Bend Space, Banish, Corrupt, Enter the Abyss, Renounce
Religion


You were on level 11 of the Dungeon.
You worshipped Lugonu.
Lugonu was extremely pleased with you.
You were near starving.

You visited 1 branch of the dungeon, and saw 11 of its levels.
You visited the Abyss 1 time.
You also visited: Bailey.

You collected 1095 gold pieces.
You spent 135 gold pieces at shops.

Inventory:

Hand Weapons
 n - a +0 spear
 t - a +3 hand axe (weapon)
Missiles
 p - 41 boomerangs (quivered)
Armour
 d - a +2 pair of gloves (worn)
 l - a +0 helmet (worn)
 r - a +3 shield of protection (worn)
 x - a +2 cloak (worn)
 B - the +5 ring mail "Gicsegad" (worn) {SInv}
   (You found it on level 10 of the Dungeon)

   It lets you see invisible.
   If you remove this armour, your AC will fall 9 points (22 -> 13)
Jewellery
 k - a ring of magical power (left hand)
 o - a ring of poison resistance (right hand)
 q - an uncursed ring of flight
 s - an amulet of regeneration (around neck)
Wands
 v - a wand of flame (28)
Scrolls
 a - a scroll of magic mapping
 b - 3 scrolls of remove curse
 h - a scroll of identify
 u - 7 scrolls of teleportation
 y - a scroll of enchant armour
Potions
 e - a potion of resistance
 g - a potion of cancellation
 i - 7 potions of curing
 j - 3 potions of brilliance
 m - 3 potions of agility
 w - a potion of ambrosia
 z - 3 potions of invisibility
 A - a potion of might
Comestibles
 c - 24 rations


   Skills:
 + Level 5.6 Fighting
 + Level 7.8 Axes
 * Level 6.5 Armour
 * Level 5.0 Dodging
 + Level 4.0 Shields
 * Level 7.7 Invocations


You had 9 spell levels left.
You didn't know any spells.
Your spell library contained the following spells:

 Spells                   Type           Power        Failure   Level  Hunger
 Corona                   Hex            #......      87%         1    ##.....
 Magic Dart               Conj           #...         87%         1    ##.....
 Ensorcelled Hibernation  Hex/Ice        #.....       95%         2    ###....
 Searing Ray              Conj           #.....       95%         2    ###....
 Confusing Touch          Hex            #.......     99%         3    ####...
 Dazzling Flash           Conj/Hex       #.....       99%         3    ####...
 Tukima's Dance           Hex            #.......     99%         3    ####...
 Fulminant Prism          Conj/Hex       #.........   100%        4    #####..
 Iskenderun's Mystic Bla  Conj/Tloc      #.......     100%        4    #####..


Dungeon Overview and Level Annotations

Branches:
Dungeon (11/15)            Temple (0/1) D:5          Bailey (visited)
   Lair: D:8-11         Orc: D:9-12

Altars:
Fedhas
Gozag
Kikubaaqudgha
Ru
Sif Muna
Trog
Uskayaw
Vehumet
The Shining One
Beogh

Shops:
D:5 [

Annotations:
Abyss:1 Grinder


Innate Abilities, Weirdness & Mutations

You have hooves in place of feet.
Armour fits poorly on your strangely shaped body.
You cover ground very quickly.
You have extremely tough skin. (AC +3)


Message History

You feel strangely unstable. The big kobold barely misses you.
The seven-headed hydra bites you! The seven-headed hydra bites you.
The seven-headed hydra bites you! The seven-headed hydra bites you.
* * * LOW HITPOINT WARNING * * *
The seven-headed hydra bites you but does no damage. x3
The jelly hits you but does no damage.
Okay, then.
Space bends sharply around you!
The jelly blinks!
The big kobold blinks!
You blink.
The orc warrior hits you with a +0 trident!
* * * LOW HITPOINT WARNING * * *
The big kobold hits you but does no damage.
You block the orc's attack.
Unknown command.
Space bends sharply around you!
The big kobold blinks!
You blink.
The orc warrior hits you but does no damage.
The seven-headed hydra bites you.
* * * LOW HITPOINT WARNING * * *
The seven-headed hydra bites you.
You die...

....# ...### #....
#... #..#
#.o######## #####
#..o...l)T####....##
##...l.J§D§.oo..K..#
#########@.§§o##
####### ....


You could see a seven-headed hydra, a komodo dragon, a troll, an orc warrior, a
big kobold, an iguana, a jelly and 2 orcs.

Vanquished Creatures
  The ghost of Valentain the Digger, a novice OpEE (D:5)
  A spriggan (D:8)
  2 wraiths (D:10)
  Menkaure (D:7)
  A soldier ant (D:10)
  An acid dragon (D:10)
  2 orc warriors
  A sky beast (D:4)
  A phantom (D:4)
  7 ogres
  7 centaurs
  3 big kobolds
  4 bullfrogs
  2 wyvern skeletons
  2 scorpions
  10 killer bees
  A howler monkey (D:4)
  5 crimson imps
  6 bullfrog zombies (D:5)
  2 centaur zombies (D:5)
  2 jellies
  2 bullfrog skeletons
  10 orc priests
  A gnoll shaman (D:4)
  2 hounds
  3 iguanas
  11 orc wizards
  Natasha (D:4)
  7 worker ants
  3 hound zombies
  3 hound skeletons
  6 worker ant zombies
  Robin (D:4)
  9 adders
  3 gnolls
  A howler monkey skeleton (D:4)
  3 oozes
  An adder zombie (D:5)
  2 adder skeletons
  2 worms (D:2)
  5 dart slugs
  3 leopard geckos
  52 orcs
  8 bats
  A bat zombie (D:9)
  7 giant cockroaches
  17 goblins
  15 hobgoblins
  18 jackals
  9 quokkas
  2 ball pythons
  2 ball python zombies (D:5)
  5 frilled lizards
  A giant cockroach zombie (D:5)
  A jackal skeleton (D:5)
  2 jackal zombies
  39 kobolds
  A leopard gecko skeleton (D:5)
  2 quokka skeletons
  2 quokka zombies
  9 rats
334 creatures vanquished.

Vanquished Creatures (others)
  2 two-headed ogres (D:9)
  An orc knight (Bailey)
  3 orc warriors
  4 starspawn tentacles (Abyss:2)
10 creatures vanquished.

Grand Total: 344 creatures vanquished

Notes
Turn   | Place    | Note
-------+----------+-------------------------------------------
     0 | Abyss:1  | Gargoyl the Centaur Abyssal Knight began the quest for the
                  | Orb.
     0 | Abyss:1  | Reached XP level 1. HP: 19/19 MP: 2/2
   168 | Abyss:2  | Noticed a tentacled starspawn
   170 | Abyss:2  | Noticed an orange demon
   171 | Abyss:2  | Found a corrupted altar of Lugonu.
   182 | Abyss:2  | Noticed a raiju
   182 | Abyss:2  | Noticed a raiju
   184 | Abyss:2  | Noticed a raiju
   185 | D:1      | Escaped the Abyss
   245 | D:1      | Reached XP level 2. HP: 26/26 MP: 3/3
   254 | D:1      | Reached * piety under Lugonu
   358 | D:1      | Reached skill level 1 in Dodging
   579 | D:1      | Reached XP level 3. HP: 29/31 MP: 4/4
   774 | D:1      | Found a hide-covered altar of Uskayaw.
  1030 | D:2      | Reached ** piety under Lugonu
  1044 | D:2      | Found a bloodstained altar of Trog.
  1045 | D:2      | Found a sacrificial altar of Ru.
  1271 | D:2      | Reached XP level 4. HP: 33/38 MP: 5/5
  1910 | D:3      | Reached XP level 5. HP: 37/46 MP: 7/7
  2236 | D:3      | Reached *** piety under Lugonu
  2959 | D:4      | Noticed Robin
  2984 | D:4      | Killed Robin
  3124 | D:4      | Noticed Natasha
  3136 | D:4      | Killed Natasha
  3136 | D:4      | Reached XP level 6. HP: 48/52 MP: 8/8
  3288 | D:4      | Noticed Grinder
  3743 | D:4      | Reached XP level 7. HP: 59/59 MP: 9/9
  4071 | D:4      | Banished Grinder
  4238 | D:5      | Entered Level 5 of the Dungeon
  4238 | D:5      | Found Womeimy's Antique Armour Shop.
  4432 | D:5      | Reached **** piety under Lugonu
  4457 | D:5      | Bought a glowing shield for 135 gold pieces
  4740 | D:4      | Reached XP level 8. HP: 33/66 MP: 11/11
  5000 | D:5      | Reached skill level 5 in Axes
  5135 | D:5      | Reached skill level 1 in Shields
  5728 | D:5      | Reached skill level 5 in Invocations
  5953 | D:5      | Found a staircase to the Ecumenical Temple.
  6061 | D:5      | Found a runed translucent gate.
  6061 | D:5      | Found a runed translucent gate.
  6073 | D:5      | Reached ***** piety under Lugonu
  6112 | D:5      | Noticed Valentain's ghost (novice OpEE)
  6113 | D:5      | Found a runed translucent gate.
  6114 | D:5      | Identified the cursed +2 hunting sling "Loguib" {freeze,
                  | rC+ Int+3 SInv}
  6114 | D:5      | Identified the +2 ring mail of Qutirghou {rElec rF+}
  6115 | D:5      | Found a roughly hewn altar of Beogh.
  6164 | D:5      | Killed Valentain's ghost
  6164 | D:5      | Reached XP level 9. HP: 34/72 MP: 12/12
  6425 | D:5      | Reached skill level 5 in Armour
  6444 | D:5      | Got a brightly glowing helmet
  6455 | D:5      | Identified the cursed +0 helmet of Shielding {Str+5 Int+5
                  | Dex-3} (You found it on level 5 of the Dungeon)
  6516 | D:5      | Found a blossoming altar of Fedhas.
  6516 | D:5      | Found a faded altar of an unknown god.
  6528 | D:5      | Found an opulent altar of Gozag.
  6530 | D:5      | Found a glowing golden altar of the Shining One.
  6582 | D:5      | Found a shimmering blue altar of Sif Muna.
  7458 | D:7      | Noticed Menkaure
  7462 | D:7      | Killed Menkaure
  8152 | D:7      | Reached skill level 5 in Fighting
  8209 | D:8      | You fall into a shaft and drop 3 floors!
  8212 | D:10     | Entered Level 10 of the Dungeon
  8442 | D:10     | Found a flagged portal.
  8451 | Bailey   | Entered a bailey
  8705 | Bailey   | Noticed an orc knight
  8710 | Bailey   | Banished an orc knight
  8714 | Bailey   | Identified the cursed +1 mace "Qusiewats" {venom, +Blink
                  | rC+ rN+ Str-5}
  9135 | D:10     | Noticed a two-headed ogre
  9209 | D:10     | Reached XP level 10. HP: 55/81 MP: 14/14
  9867 | D:8      | Found a radiant altar of Vehumet.
 10359 | D:9      | Noticed a two-headed ogre
 10371 | D:9      | Banished a two-headed ogre
 10646 | D:9      | Found an ancient bone altar of Kikubaaqudgha.
 10705 | D:9      | Noticed a two-headed ogre
 10717 | D:9      | Banished a two-headed ogre
 11477 | D:10     | Reached skill level 5 in Dodging
 11564 | D:10     | Got a pitted ring mail
 11590 | D:10     | Identified the +5 ring mail "Gicsegad" {SInv} (You found it
                  | on level 10 of the Dungeon)
 12010 | D:11     | Noticed a seven-headed hydra
 12021 | D:11     | HP: 4/83 [seven-headed hydra (5)]
 12021 | D:11     | Slain by a seven-headed hydra

Levels and vault maps discovered:
D:1:      lightli_arrival_quake, layout_rooms, grunt_decor_arrowhead,
          kennysheep_flooded_box, minmay_tree_intersection
D:2:      layout_basic, grunt_temple_overflow_open
D:3:      layout_loops_ring
D:4:      layout_gridville, st_stairs_1, minmay_pentangle, uniq_robin,
          uniq_grinder, uniq_natasha
D:5:      layout_rooms, chequers_temple_overflow_minitemple,
          minmay_temple_entry_poolview, biasface_ghost_orc_armoury,
          serial_shops, nicolae_shop_stone, serial_undead, serial_undead_c,
          serial_undead_c, serial_undead_d, serial_undead_d, serial_undead_a,
          serial_undead_d, serial_undead_d, serial_undead_a, first_ration,
          minmay_fractal_squares_5
D:6:      layout_basic
D:7:      layout_gridville, uniq_menkaure
D:8:      layout_loops_ring, the_bakery, minmay_statues_item, lemuel_tele_altar
D:9:      layout_rooms, lemuel_zombie_altar_kikubaaqudgha
D:10:     layout_basic, enter_bailey_8
D:11:     layout_layer_cave, due_lair_maze_entry_diamond,
          kennysheep_generic_room_15, uniq_erolcha, uniq_fannar, uniq_sonja

Skill      XL: |  1  2  3  4  5  6  7  8  9 10 |
---------------+-------------------------------+-----
Dodging        | 1 2 3 4 5 |  5.0
Axes           | 2 3 4 6 7 |  7.8
Armour         | 2 3 4 5 6 |  6.5
Invocations    | 3 4 5 6 7 |  7.7
Fighting       | 4 5 |  5.6
Shields        | 1 3 4 |  4.0

Action                   |  1- 3 |  4- 6 |  7- 9 | 10-12 || total
-------------------------+-------+-------+-------+-------++-------
Melee: Hand axe          |   147 |   233 |   615 |   401 ||  1396
       Kick              |    16 |    50 |   149 |    84 ||   299
Throw: Boomerang         |       |       |       |     1 ||     1
Invok: Depart the Abyss  |     1 |       |       |       ||     1
       Banish            |       |       |     4 |     6 ||    10
       Bend Space        |       |       |     1 |     2 ||     3
  Use: Scroll            |     5 |     6 |     8 |     5 ||    24
       Potion            |       |       |     1 |       ||     1
  Eat: Chunk             |       |     7 |    17 |     9 ||    33
Armor: Plate armour      |   193 |   208 |   592 |   167 ||  1160
       Ring mail         |       |       |       |    50 ||    50
Dodge: Dodged            |    14 |    26 |    57 |    46 ||   143
Block: Shield            |       |       |   316 |   242 ||   558

Table legend:
 A = Non-vault XP
 B = Vault XP
 C = Vault XP percentage of total XP
 D = Non-vault monster count
 E = Vault monster count
 F = Vault count percentage of total count
                 A         B        C        D         E       F
            +---------+---------+-------+---------+---------+-------
      Total |    7535 |    2836 |  27.3 |     253 |      88 |  25.8
            +---------+---------+-------+---------+---------+-------
        D:1 |      56 |       0 |   0.0 |      30 |       0 |   0.0
        D:2 |      59 |       0 |   0.0 |      24 |       0 |   0.0
        D:3 |     172 |       0 |   0.0 |      36 |       0 |   0.0
        D:4 |     541 |     628 |  53.7 |      14 |      25 |  64.1
        D:5 |     724 |    1098 |  60.3 |      26 |      35 |  57.4
        D:6 |     601 |       0 |   0.0 |      21 |       0 |   0.0
        D:7 |     337 |     172 |  33.8 |      13 |       1 |   7.1
        D:8 |    1293 |     229 |  15.0 |      29 |       1 |   3.3
        D:9 |    1809 |       2 |   0.1 |      13 |       1 |   7.1
       D:10 |    1860 |       0 |   0.0 |      41 |       0 |   0.0
       D:11 |      83 |       0 |   0.0 |       6 |       0 |   0.0
     Bailey |       0 |     707 | 100.0 |       0 |      25 | 100.0
            +---------+---------+-------+---------+---------+-------
